 Dungeon Crawl Stone Soup version 0.27.1-35-g4d5d836560 (console) character file.

Game seed: 13848384989343042976

8626 grimtooth the Grappler (level 11, -3/105 HPs)
             Began as a Troll Arcane Marksman on Apr 23, 2022.
             Was a High Priest of Okawaru.
             Shot with an arrow by a centaur warrior (15 damage)
             ... on level 14 of the Dungeon.
             The game lasted 00:41:14 (9129 turns).

grimtooth the Grappler (Troll Arcane Marksman)      Turns: 9129, Time: 00:41:15

Health: -3/105     AC:  8    Str: 20    XL:     11   Next: 12%
Magic:  11/15      EV: 10    Int: 12    God:    Okawaru [*****.]
Gold:   1131       SH:  0    Dex: 16    Spells: 10/16 levels left

rFire    . . .     SeeInvis .     - Unarmed
rCold    . . .     Faith    .   (no shield)
rNeg     . . .     Spirit   .   I - +2 robe {Will+}
rPois    .         Reflect  .   (helmet restricted)
rElec    .         Harm     .   i - +1 cloak
rCorr    +         Rampage  .   (gloves unavailable)
Will     +....                  (boots unavailable)
Stlth    +.........             (no amulet)
HPRegen  1.27/turn              d - ring of resist corrosion
MPRegen  0.14/turn              y - +6 ring of dexterity

@: about to teleport, hasted, invisible, very quick
A: large, unfitting armour, claws 3, regeneration 1, shaggy fur 1, tough skin 1
a: Renounce Religion, Heroism, Finesse


You were on level 14 of the Dungeon.
You worshipped Okawaru.
Okawaru was extremely pleased with you.
You visited 2 branches of the dungeon, and saw 14 of its levels.
You visited the Abyss 1 time.
You also visited: Bailey.

You collected 1325 gold pieces.
You spent 194 gold pieces at shops.

Inventory:

Hand Weapons
 o - a +2 dagger of venom
Missiles
 b - 9 large rocks
 c - 2 throwing nets {=f}
 e - 7 javelins
 h - 76 stones (quivered)
 k - 17 sling bullets
 x - 77 boomerangs
Armour
 i - a +1 cloak (worn)
 v - a +2 robe of cold resistance
 I - a +2 robe of willpower (worn)
Jewellery
 d - a ring of resist corrosion (left claw)
 y - a +6 ring of dexterity (right claw)
Wands
 a - a wand of polymorph (8)
 p - a wand of digging (5)
 u - a wand of iceblast (11)
 w - a wand of paralysis (13)
 B - a wand of flame (21)
Scrolls
 f - a scroll of teleportation
 g - 2 scrolls of fog {unknown}
 l - 2 scrolls of noise
 q - a scroll of immolation {unknown}
 s - 2 scrolls of enchant armour
 F - a scroll of acquirement
 G - a scroll of enchant weapon {unknown}
 K - a scroll of blinking {unknown}
Potions
 j - 4 potions of mutation
 n - a potion of attraction
 t - 2 potions of might
 z - 2 potions of berserk rage
 A - 4 potions of flight
 C - 2 potions of magic
 D - 2 potions of lignification
 E - 2 potions of brilliance
 H - 2 potions of cancellation {unknown}
 J - 2 potions of curing


   Skills:
 - Level 6.0 Fighting
 - Level 6.0 Throwing
 - Level 1.5 Dodging
 - Level 9.0 Unarmed Combat
 + Level 3.4 Spellcasting
 * Level 5.6 Hexes
 - Level 6.0 Invocations


You had 10 spell levels left.
You knew the following spells:

 Your Spells              Type           Power      Damage    Failure   Level
a - Slow                  Hex            15%        N/A       3%          2
b - Corona                Hex            16%        N/A       2%          1
x - Portal Projectile     Hex/Tloc       16%        N/A       22%         3

Your spell library contained the following spells:

 Spells                   Type           Power      Damage    Failure   Level
 Inner Flame              Hex/Fire       8%         N/A       22%         3
 Summon Guardian Golem    Hex/Summ       8%         N/A       22%         3
 Cause Fear               Hex            7%         N/A       22%         4
 Ignite Poison            Fire/Tmut/Pois 2%         N/A       56%         3
 Mephitic Cloud           Conj/Pois/Air  2%         N/A       56%         3
 Bolt of Magma            Conj/Fire/Erth 1%         4d4       100%        5
 Orb of Destruction       Conj           1%         N/A       100%        7
 Spellforged Servitor     Conj/Summ      1%         N/A       100%        7


Dungeon Overview and Level Annotations

Branches:
Dungeon (12/15)            Temple (1/1) D:5             Orc (0/2) D:9
 Bailey (visited)
   Lair: D:8-11

Altars:
Ashenzari
Cheibriados
Dithmenos
Gozag
Hepliaklqana
Kikubaaqudgha
Nemelex Xobeh
Okawaru
Qazlal
Sif Muna
Trog
Uskayaw
Xom
The Shining One

Shops:
D:6 [   D:9 *

Annotations:
D:2 1 runed translucent door, Crazy Yiuf
D:10 Nergalle
D:12 Kirke
D:14 Nessos


Innate Abilities, Weirdness & Mutations

You are too large for most types of armour.
You have claws for hands.
Your natural rate of healing is unusually fast.
You are covered in fur. (AC +1)
You have tough skin. (AC +1)


Message History

As you read the scroll labelled IMAMOY ERCHE, it crumbles to dust.
You feel strangely unstable.
It was a scroll of teleportation.
The centaur warrior hits you.
* * * LOW HITPOINT WARNING * * *
The centaur warrior closely misses you.
Nessos blinks!
The centaur warrior shoots an arrow.
The arrow hits you!
* * * LOW HITPOINT WARNING * * *
You feel much better. The centaur warrior hits you.
The centaur warrior kicks you.
* * * LOW HITPOINT WARNING * * *
The centaur warrior shoots an arrow.
The arrow barely misses you.
The arrow hits the centaur warrior!!
Casting: Slow (safe; 3% risk of failure)
Confirm with . or Enter, or press ? or * to list all spells.
Aiming: Slow (safe; 3% risk of failure)
Press: ? - help, Shift-Dir - straight line, f - centaur warrior, p - centaur
Aim: a centaur warrior, quivering arrows (heavily wounded, chance to affect: 34%)
Okay, then.
Casting: Slow (safe; 3% risk of failure)
Confirm with . or Enter, or press ? or * to list all spells.
Aiming: Slow (safe; 3% risk of failure)
Press: ? - help, Shift-Dir - straight line, f - centaur warrior, p - centaur
Aim: a centaur warrior, wielding a +0 longbow and quivering arrows (chance to affect: 34%)
The centaur warrior easily resists.
The centaur warrior barely misses you.
The centaur warrior kicks you but does no damage.
Nessos blinks!
The centaur warrior shoots an arrow.
The arrow hits you!!
* * * LOW HITPOINT WARNING * * *
You feel much better.
The centaur warrior barely misses you. x2
The centaur warrior shoots an arrow.
The arrow hits you!!
* * * LOW HITPOINT WARNING * * *
The centaur warrior misses you. The centaur warrior closely misses you.
Enter note: - unbelievable You fade into invisibility!
Nessos wields a +2 longbow of flaming.
It bursts into flame!
Nessos shoots an arrow.
The arrow hits the centaur warrior!!
The arrow burns the centaur warrior.
The centaur warrior looks as sick as possible!
The centaur warrior dies!
The centaur warrior shoots an arrow.
The arrow hits you!
You die...

.........#
##...#....#
...(.....
#c.....#
#.$....#
#......#
...#......#
........@.#
.....####)#
##. #.# #c#
#c# #.# #§#
#.# #.# #.c
...


You could see Nessos, a centaur warrior and a centaur (slow).

Vanquished Creatures
  A two-headed ogre (D:9)
  An orc knight (Bailey)
  A deep elf pyromancer (D:12)
  5 slime creatures (D:12)
  Sigmund (D:4)
  5 yaks
  A shadow (D:12)
  2 wraiths
  A vampire (D:8)
  A steam dragon (D:8)
  A sky beast (D:6)
  3 ice beasts
  5 orc warriors
  2 necrophages
  An ogre (D:6)
  4 centaurs
  A phantom (D:7)
  3 bullfrogs (D:8)
  A gnoll sergeant (D:7)
  2 scorpions (D:5)
  2 wyvern zombies
  A water moccasin skeleton (D:5)
  11 killer bees
  9 wights
  5 howler monkeys
  3 centaur zombies
  2 jellies
  A hound (D:5)
  2 bullfrog skeletons (D:6)
  A gnoll shaman (D:7)
  3 orc priests
  2 centaur skeletons
  Jessica (D:3)
  3 iguanas
  11 orc wizards
  Terence (D:3)
  30 gnolls
  9 adders
  A howler monkey skeleton (D:7)
  2 shadow imps (D:7)
  2 white imps
  An ufetubus (D:6)
  An adder zombie (D:1)
  2 worms (D:2)
  A dart slug (D:1)
  19 orcs
  A bat zombie (D:1)
  5 endoplasms
  4 giant cockroaches
  9 goblins
  14 hobgoblins
  3 jackals (D:3)
  5 quokkas
  6 ball pythons
  A ball python skeleton (D:2)
  5 bats
  A frilled lizard (D:2)
  17 kobolds
  3 rats (D:2)
242 creatures vanquished.

Vanquished Creatures (others)
  A centaur warrior (D:14)
  A human (D:7)
2 creatures vanquished.

Grand Total: 244 creatures vanquished

Notes
Turn   | Place    | Note
-------+----------+-------------------------------------------
     0 | D:1      | grimtooth the Troll Arcane Marksman began the quest for the
                  | Orb.
     0 | D:1      | Reached XP level 1. HP: 18/18 MP: 1/1
    42 | D:1      | Reached skill level 1 in Unarmed Combat
    65 | D:1      | Reached XP level 2. HP: 19/26 MP: 2/2
   332 | D:1      | Reached skill level 2 in Unarmed Combat
   332 | D:1      | Reached XP level 3. HP: 26/32 MP: 3/3
   356 | D:1      | You fall into a shaft and drop 1 floor!
  1155 | D:2      | Reached skill level 3 in Unarmed Combat
  1155 | D:2      | Reached XP level 4. HP: 35/40 MP: 4/4
  1415 | D:2      | Found a runed translucent door.
  1416 | D:2      | Noticed Crazy Yiuf
  1552 | D:2      | Found a faded altar of an unknown god.
  2013 | D:3      | Noticed a necrophage
  2027 | D:3      | Killed a necrophage
  2028 | D:3      | Reached skill level 4 in Unarmed Combat
  2028 | D:3      | Reached XP level 5. HP: 37/46 MP: 5/5
  2244 | D:3      | Noticed Terence
  2245 | D:3      | Killed Terence
  2303 | D:3      | Noticed Jessica
  2308 | D:3      | Killed Jessica
  2309 | D:3      | Reached XP level 6. HP: 54/54 MP: 6/6
  2419 | D:3      | Found a glowing golden altar of the Shining One.
  2505 | D:4      | Learned a level 2 spell: Slow
  2548 | D:4      | Noticed Sigmund
  2566 | D:4      | Killed Sigmund
  2567 | D:4      | Reached skill level 5 in Unarmed Combat
  2618 | D:4      | Found a stormy altar of Qazlal.
  2657 | D:4      | Identified a scroll of acquirement
  2691 | D:4      | Found a sparkling altar of Nemelex Xobeh.
  2962 | D:4      | Reached XP level 7. HP: 61/61 MP: 7/7
  3041 | D:4      | Acquired 741 gold pieces
  3044 | D:5      | Entered Level 5 of the Dungeon
  3054 | D:5      | Reached skill level 6 in Unarmed Combat
  3067 | D:5      | Found a staircase to the Ecumenical Temple.
  3158 | D:5      | Reached skill level 7 in Unarmed Combat
  3221 | D:5      | Found a shimmering altar of Xom.
  3292 | D:5      | Reached skill level 5 in Throwing
  3438 | D:5      | Reached XP level 8. HP: 68/68 MP: 8/8
  3678 | Temple   | Entered the Ecumenical Temple
  3777 | Temple   | Became a worshipper of Warmaster Okawaru
  4006 | D:6      | Found Yrazoc's Armour Shoppe.
  4023 | D:6      | Bought a +2 robe of cold resistance for 194 gold pieces
  4087 | D:6      | Found a shadowy altar of Dithmenos.
  4092 | D:6      | Reached skill level 8 in Unarmed Combat
  4474 | D:7      | Reached skill level 9 in Unarmed Combat
  4569 | D:7      | Reached * piety under Okawaru
  4604 | D:6      | Reached skill level 1 in Fighting
  4664 | D:7      | Reached XP level 9. HP: 63/79 MP: 10/10
  4668 | D:7      | Learned a level 3 spell: Portal Projectile
  5031 | D:7      | Reached ** piety under Okawaru
  5056 | D:7      | Found a shimmering blue altar of Sif Muna.
  5160 | D:7      | Found an ancient bone altar of Kikubaaqudgha.
  5249 | D:7      | Reached skill level 5 in Invocations
  6083 | D:8      | Reached *** piety under Okawaru
  6137 | D:8      | Reached skill level 5 in Fighting
  6324 | D:9      | Found an opulent altar of Gozag.
  6324 | D:9      | Found Gozag's Platinum Reserve.
  6347 | D:9      | Noticed a two-headed ogre
  6414 | D:9      | Found a hide-covered altar of Uskayaw.
  6466 | D:9      | Killed a two-headed ogre
  6467 | D:9      | Reached XP level 10. HP: 61/98 MP: 8/13
  6594 | D:9      | Noticed a +0 dagger
  6594 | D:9      | Noticed a +0 dagger
  6610 | D:9      | Found a hazy altar of Hepliaklqana.
  6649 | D:9      | Reached **** piety under Okawaru
  6663 | D:9      | Cast into level 2 of the Abyss (orc wizard)
  6665 | Abyss:2  | - god damn it
  6776 | D:9      | Escaped the Abyss
  7081 | D:9      | Found a staircase to the Orcish Mines.
  7629 | D:10     | Entered Level 10 of the Dungeon
  7790 | D:10     | Noticed Nergalle
  8005 | D:10     | You fall into a shaft and drop 2 floors!
  8142 | D:12     | Noticed a deep elf pyromancer
  8147 | D:12     | Killed a deep elf pyromancer
  8233 | D:12     | Reached ***** piety under Okawaru
  8234 | D:12     | Reached skill level 5 in Hexes
  8264 | D:12     | Noticed Kirke
  8323 | D:12     | Reached XP level 11. HP: 43/105 MP: 5/14
  8349 | D:12     | Found a flagged portal.
  8357 | Bailey   | Entered a bailey
  8623 | Bailey   | Received a gift from Okawaru
  8666 | Bailey   | Noticed an orc knight
  8745 | Bailey   | Killed an orc knight
  8985 | D:11     | Noticed a five-headed hydra
  9106 | D:11     | You fall into a shaft and drop 3 floors!
  9107 | D:14     | - oh come on
  9107 | D:14     | Noticed Nessos
  9110 | D:14     | Noticed a centaur warrior
  9114 | D:14     | Noticed a centaur warrior
  9129 | D:14     | - unbelievable
  9129 | D:14     | Killed a centaur warrior
  9129 | D:14     | Shot with an arrow by a centaur warrior

Illustrated notes ########.. #.@....... ###.....#. ....#.. ##.#... ..##. #.# #.. .# Turn 6665 on Abyss:2: - god damn it ..# ..# ..# #.# #.# #.# #.# #@# #.# #.# #.# #.. ... .!. .... Turn 9107 on D:14: - oh come on

.........#
##...#....#
...(.....
#c.....#
#.$....#
#......#
...#......#
........@.#
.....####c#
##. #.# #c#
#.# #c# #§#
#.# #.# #.c
...


Turn 9129 on D:14: - unbelievable

Levels and vault maps discovered:
D:1:      saegor_arrival_fortress, layout_loops_ring
D:2:      layout_loops_ring, basic_ecumenical_altar, minmay_heptomino_o4,
          uniq_crazy_yiuf_cottage
D:3:      layout_basic, tso_altar, minmay_misc_feat_square,
          minmay_misc_feat_rows, uniq_terence, uniq_jessica
D:4:      layout_rooms, mainiacjoe_overflow_surrounded_room,
          nicolae_qazlal_general_emergency, serial_bayou, serial_bayou_pond_e,
          serial_bayou_pond_d, serial_bayou_pond_e, serial_bayou_shore_a,
          uniq_sigmund
D:5:      layout_cave_pools, mainiacjoe_overflow_catwalk,
          minmay_temple_entry_proselytizer
D:6:      layout_basic, nicolae_dithmenos_through_a_glass_darkly, serial_shops,
          nicolae_shop_stone
D:7:      layout_rooms, tgw_kikubaaqudgha, kennysheep_orc_sif_temple,
          grunt_ministairs_2
D:8:      layout_rooms, mrwooster_statue_mirror
D:9:      layout_small_grid, nicolae_gozag_zags_fifth_avenue,
          dancing_weapons_uskayaw, mainiacjoe_overflow_24_doors, orc_0_dummy,
          serial_co_window_serial, co_window_corner_a,
          co_window_of_opportunity_a, co_window_corner_a, co_window_corner_a,
          co_window_paths_b, co_window_paths_b, co_window_corner_a,
          co_window_of_opportunity_b, co_window_2corner, co_window_corner_b,
          co_window_corner_ca, co_window_unsneaky_path_d, co_window_paths_c,
          co_window_corner_b, glass_columns_b
D:10:     minmay_the_grid_octo_tiled_squarecenter [minmay_the_grid_octo_toaster,
          minmay_the_grid_octo_empty, minmay_the_grid_octo_chip,
          minmay_the_grid_octo_teeth,
          minmay_the_grid_square_5x5_megaprize_checkered,
          minmay_the_grid_square_5x5_two_walls_a,
          minmay_the_grid_square_5x5_minimal, minmay_the_grid_square_5x5_bite,
          minmay_the_grid_square_5x5_v], layout_stronghold, vehumet_statue,
          grunt_ministairs_1, uniq_nergalle
D:11:     lemuel_ogre_cave, layout_loops_corners, dpeg_oklobed_lair,
          serial_glass, glass_columns_b, glass_columns_c, glass_columns_a,
          glass_columns_b, glass_columns_a, glass_columns_c, glass_columns_a,
          glass_columns_a
D:12:     layout_roguey, enter_bailey_2, uniq_erolcha, uniq_kirke
D:14:     minmay_guarded_unrand_sword_of_power, layout_basic,
          serial_park_tiny_1, uniq_nessos
Temple:   minmay_temple_curvy_loop

Skill      XL: |  1  2  3  4  5  6  7  8  9 10 |
---------------+-------------------------------+-----
Throwing       | 2 3 4 5 6 |  6.0
Unarmed Combat | 1 2 3 4 5 7 9 |  9.0
Fighting       | 2 6 |  6.0
Invocations    | 3 6 |  6.0
Hexes          | 5 |  5.6
Spellcasting   | 3 |  3.4
Dodging        | |  1.5

Action                   |  1- 3 |  4- 6 |  7- 9 | 10-12 || total
-------------------------+-------+-------+-------+-------++-------
Melee: Unarmed           |    85 |   142 |   286 |   226 ||   739
       Punch             |       |     3 |    18 |    11 ||    32
Throw: Large rock        |     2 |     1 |     1 |     4 ||     8
       Stone             |       |    33 |   111 |    54 ||   198
       Boomerang         |       |       |     7 |     1 ||     8
 Cast: Corona            |     1 |       |       |       ||     1
       Slow              |       |     4 |    40 |    47 ||    91
Invok: Heroism           |       |       |     1 |     5 ||     6
Evoke: Wand              |       |       |       |     1 ||     1
  Use: Scroll            |       |     5 |     6 |     6 ||    17
       Potion            |       |       |       |     9 ||     9
 Stab: Sleeping          |       |     1 |       |       ||     1
Armor: Robe              |    25 |    57 |    66 |    57 ||   205
Dodge: Dodged            |    40 |    80 |   138 |   147 ||   405
